Map: Station Proxima EC

Players

ShiryDog

  • Race: Zerg Zerg
  • League: Gold
  • Spawn Location: 7:00

zidar - Winner!

  • Race: Zerg Zerg
  • League: Gold
  • Spawn Location: 1:00

VOD

Have the link to the VOD?

Description

Time

  • Played on: July 10, 2017, 3:38 p.m.
  • Length: 8:10
Show
View Real Time Build Order
Export as new Build Order

ShiryDog Zerg 

Build Orders: Pool First 

Get SALT Encoding   

  12  0:02  Drone  
  13  0:13  Overlord  
  13  0:17  Drone  
  14  0:21  Extractor  
  14  0:24  Drone  
  15  0:31  Drone  
  17  0:35  Drone  
  17  0:47  Spawning Pool  
  16  0:50  Drone  
  17  1:12  Hatchery  
  17  1:15  Drone  
  17  1:17  Drone  
  18  1:21  Extractor  
  17  1:25  Drone  
  17  1:26  Extractor  
  17  1:29  Drone  
  18  1:38  Queen  
  20  1:42  Drone  
  21  1:50  Overlord  
  21  2:03  Drone  
  22  2:13  Drone  
  23  2:23  Drone  
  23  2:24  Metabolic Boost  
  24  2:30  Drone  
  24  2:31  Queen  
  24  2:34  Zergling x2  
  28  2:38  Drone  
  29  2:57  Zergling x8  
  33  3:00  Drone x2  
  35  3:24  Zergling x2  
  35  3:26  Lair  
  36  3:37  Overlord x3  
  36  3:38  Overlord  
  36  3:43  Evolution Chamber  
  36  3:45  Drone  
  36  3:47  Evolution Chamber  
  36  3:48  Drone  
  36  4:09  Zergling x2  
  38  4:10  Zergling x8  
  38  4:14  Zerg Missile Weapons Level 1  
  38  4:15  Zerg Ground Armor Level 1  
  41  4:20  Evolution Chamber  
  41  4:21  Drone  
  41  4:22  Drone x4  
  45  4:30  Drone  
  46  4:32  Drone x2  
  46  4:33  Drone  
  46  4:37  Zergling x4  
  51  4:45  Hydralisk Den  
  50  5:06  Drone x4  
  53  5:28  Zerg Melee Weapons Level 1  
  53  5:35  Infestation Pit  
  53  5:37  Drone  
  53  5:38  Drone x5  
  58  5:43  Extractor  
  58  5:45  Extractor, Drone  
  58  5:46  Drone  
  58  5:48  Hydralisk x5  
  68  5:52  Overlord x2  
  68  6:05  Hatchery  
  67  6:15  Hive  
  67  6:27  Drone  
  67  6:28  Drone  
  69  6:50  Hydralisk  
  69  6:51  Hydralisk x2  
  75  6:54  Zergling x4  
  75  6:55  Zergling x4  
  75  6:57  Zergling x8  
  75  6:58  Zergling x2  
  75  6:59  Overlord  
  84  7:03  Pneumatized Carapace  
  84  7:10  Overlord  
  84  7:11  Overlord  
  84  7:28  Queen  
  84  7:29  Drone x2  
  87  7:33  Hydralisk  
  87  7:34  Hydralisk x3  
  87  7:37  Hydralisk x4  
  103  7:47  Drone  
  103  7:49  Drone  
Show
View Real Time Build Order
Export as new Build Order

zidar Zerg - Winner!

Build Orders: Pool First 

Get SALT Encoding   

  12  0:02  Drone  
  13  0:13  Overlord  
  13  0:19  Drone  
  14  0:31  Drone x2  
  14  0:34  Drone  
  17  0:48  Spawning Pool  
  16  0:50  Drone  
  16  0:53  Extractor  
  16  0:56  Drone  
  17  1:16  Drone  
  18  1:34  Hatchery  
  18  1:36  Queen  
  19  1:41  Drone  
  20  1:48  Overlord  
  20  1:59  Drone  
  20  2:01  Drone  
  22  2:11  Queen  
  24  2:18  Metabolic Boost  
  24  2:20  Drone  
  25  2:26  Overlord  
  25  2:50  Roach Warren  
  24  2:55  Drone x5  
  29  3:05  Drone x3  
  30  3:12  Extractor  
  30  3:20  Overlord x2  
  30  3:35  Drone  
  30  3:36  Drone x2  
  30  3:39  Overlord  
  30  3:40  Drone  
  30  3:41  Drone  
  35  3:50  Lair  
  35  3:59  Drone x4  
  39  4:18  Evolution Chamber  
  39  4:22  Extractor  
  37  4:24  Drone x6  
  37  4:25  Drone x2  
  37  4:28  Overlord  
  37  4:29  Overlord  
  45  4:52  Drone  
  46  4:54  Overseer  
  46  5:04  Roach, Hydralisk Den  
  46  5:05  Roach x7  
  61  5:32  Roach x6  
  73  5:47  Zerg Missile Weapons Level 1  
  73  5:50  Muscular Augments  
  73  5:51  Glial Reconstitution  
  73  5:59  Hydralisk  
  73  6:03  Overlord x2  
  73  6:04  Overlord  
  75  6:05  Drone  
  76  6:21  Hydralisk x5  
  86  6:32  Hatchery  
  85  6:35  Hydralisk x2  
  89  6:53  Hydralisk x5  
  99  6:57  Overlord x3  
  99  7:17  Hydralisk x2  
  99  7:18  Hydralisk x4  
  111  7:36  Hydralisk x3  
Tags
 
Add a new tag
Caveats
  • Supply blocks, unpowered buildings, or Contaminate may cause inaccurate times.
  • Supply counts are checked every 10 seconds.